AoeStats
← ITVE | Brayanso81

Arabia

504027557Analyzed
1v1 RM · 28d ago on Sep 3, 2026· 44m 44s· 2 players
Game mode
Random Map
Map size
Tiny (2 player)
Population
200
Speed
Normal
Resources
Standard
Victory
Conquest
Starting age
Dark Age
Ending age
Imperial Age
RankedLock teamsTeams togetherTeam positionsShared explorationLock speedFull tech treeHidden civsTurbo modeCheats
Victory
Defeat
🇩🇰 Spanish · Denmark
1132
+16
🇻🇪 Vietnamese · Venezuela
1133
-16
Stench_of_Evil
10:05 Feudal Age
12:32 Loom
15:29 Castle Age
15:08 Double-Bit Axe
22:53 Horse Collar
28:36 Bow Saw
29:41 Wheelbarrow
30:32 Bloodlines
32:19 Gold Mining
33:13 Scale Barding Armor
34:30 Forging
35:04 Chain Barding Armor
36:55 Stone Mining
39:43 Imperial Age
38:16 Hand Cart
38:30 Husbandry
38:36 Town Watch
38:41 Light Cavalry
40:54 Conscription
41:21 Plate Barding Armor
41:22 Iron Casting
42:54 Two-Man Saw
41:57 Heavy Plow
43:29 Chemistry
42:49 Ballistics
43:32 Cavalier
44:17 Hussar
45:58 Blast Furnace
ITVE | Brayanso81
6:46 Loom
9:32 Feudal Age
10:07 Double-Bit Axe
10:14 Gold Mining
24:33 Castle Age
22:49 Fletching
23:06 Padded Archer Armor
24:01 Stone Mining
24:40 Crossbowman
25:18 Bodkin Arrow
25:39 Bow Saw
28:01 Ballistics
29:50 Stone Shaft Mining
30:19 Horse Collar
34:05 Heavy Plow
34:42 Leather Archer Armor
35:29 Wheelbarrow
44:15 Imperial Age
42:12 Squires
42:53 Sanctity
42:58 Pikeman
43:50 Scale Mail Armor
Connection lost

Rejoining the realm…

Still unreachable

The connection could not be restored.

Session expired

The server has moved on; the page needs a fresh start.